Map: Jagannatha LE

Players

Zara - Winner!

  • Race: Terran Terran
  • League: Master
  • Spawn Location: 1:00

karen

  • Race: Zerg Zerg
  • League: Diamond
  • Spawn Location: 7:00

VOD

Have the link to the VOD?

Description

Time

  • Played on: Nov. 10, 2020, 4:29 a.m.
  • Length: 8:43
Show
View Real Time Build Order
Export as new Build Order

Zara Terran - Winner!

Build Orders: Reaper Expand 

Get SALT Encoding   

  12  0:00  SCV  
  13  0:12  SCV  
  14  0:17  Supply Depot  
  14  0:25  SCV  
  15  0:38  SCV  
  15  0:40  Barracks  
  16  0:45  Refinery  
  16  0:51  SCV  
  17  1:03  SCV  
  18  1:15  SCV  
  19  1:27  Orbital Command  
  19  1:28  Reaper  
  20  1:42  Command Center  
  20  1:55  Supply Depot, SCV  
  20  2:01  Barracks Reactor  
  21  2:06  Barracks  
  21  2:17  SCV  
  21  2:21  Bunker  
  22  2:24  Factory  
  22  2:29  SCV  
  23  2:30  Refinery  
  23  2:41  SCV  
  24  2:45  Marine x2  
  26  2:53  SCV  
  26  2:55  Orbital Command  
  27  3:01  Barracks Tech Lab  
  27  3:05  SCV, Marine  
  27  3:06  Marine  
  30  3:13  Starport  
  30  3:14  Factory Reactor  
  30  3:18  SCV  
  31  3:21  SCV  
  32  3:27  Supply Depot  
  32  3:28  Marine  
  32  3:29  Marine  
  32  3:30  Marine  
  35  3:34  SCV  
  35  3:36  SCV  
  35  3:40  Stimpack  
  37  3:46  Marine  
  37  3:47  Marine  
  39  3:48  Marine  
  39  3:49  SCV  
  39  3:50  SCV  
  42  4:02  SCV x2  
  44  4:06  Marine x2  
  44  4:07  Marine  
  44  4:08  Supply Depot, Medivac  
  49  4:11  Medivac  
  49  4:14  SCV x2  
  53  4:18  Supply Depot  
  53  4:24  Marine  
  53  4:29  Marine  
  55  4:35  Marine  
  55  4:38  Factory Tech Lab  
  56  4:40  SCV x2  
  58  4:47  Command Center  
  58  4:57  Marine x3  
  58  4:59  SCV x2  
  63  5:02  Barracks  
  63  5:03  Siege Tank  
  63  5:05  Medivac  
  68  5:11  SCV  
  68  5:14  SCV, Refinery  
  69  5:16  Barracks  
  69  5:19  Refinery  
  70  5:26  Supply Depot  
  70  5:28  Supply Depot  
  70  5:31  Marine  
  70  5:47  Marine x2, SCV x2  
  74  5:51  Siege Tank  
  77  5:59  SCV x2  
  72  6:05  Marine  
  72  6:06  Marine x2  
  72  6:09  Barracks Reactor  
  75  6:11  SCV x2  
  75  6:12  Barracks  
  75  6:13  Barracks  
  75  6:17  Engineering Bay x2  
  70  6:23  Marine x2, SCV  
  70  6:24  Marine  
  73  6:25  Marine  
  73  6:31  SCV  
  75  6:34  Orbital Command  
  75  6:36  SCV  
  76  6:41  Marine x2  
  76  6:42  Marauder, Siege Tank  
  76  6:43  SCV, Marine  
  76  6:45  Terran Infantry Weapons Level 1, Terran Infantry Armor Level 1  
  85  6:48  SCV  
  85  6:50  Medivac x2  
  90  6:55  SCV  
  90  6:57  Supply Depot  
  90  6:58  Supply Depot  
  90  6:59  Marine  
  90  7:00  SCV  
  93  7:03  Armory, Marauder  
  93  7:05  Supply Depot, SCV  
  93  7:07  SCV  
  97  7:09  Barracks Tech Lab, Barracks Reactor  
  97  7:10  Barracks Tech Lab  
  97  7:12  SCV  
  98  7:15  Supply Depot  
  98  7:17  SCV, Marine x2  
  98  7:18  Marine  
  98  7:20  Marine  
  103  7:26  Supply Depot x2  
  103  7:27  Supply Depot, Siege Tank  
  103  7:29  SCV x2  
  108  7:31  SCV  
  108  7:37  Marine x5  
  109  7:38  Marauder  
  116  7:45  Marine x2  
  116  7:48  SCV x3  
  121  7:59  Siege Tank  
  121  8:03  Command Center  
  118  8:15  Marine  
  118  8:16  Marauder, Marine x6  
  118  8:18  Marine  
  128  8:20  SCV x2  
Show
View Real Time Build Order
Export as new Build Order

karen Zerg 

Build Orders: Hatch First 

Get SALT Encoding   

  12  0:00  Drone  
  13  0:12  Overlord  
  13  0:17  Drone  
  14  0:31  Drone x2  
  16  0:49  Hatchery  
  15  0:51  Drone  
  15  0:54  Drone  
  17  0:59  Drone  
  18  1:09  Extractor  
  17  1:14  Spawning Pool  
  17  1:16  Drone  
  17  1:20  Drone  
  18  1:28  Drone  
  19  1:40  Overlord  
  19  1:49  Drone  
  20  2:00  Drone  
  21  2:02  Queen x2, Zergling x2  
  26  2:13  Drone x2  
  26  2:14  Metabolic Boost  
  28  2:25  Drone x2  
  30  2:36  Hatchery  
  29  2:46  Drone x4  
  33  2:53  Overlord  
  34  2:58  Drone  
  34  3:04  Drone  
  35  3:11  Drone  
  36  3:14  Drone  
  36  3:15  Drone x2  
  36  3:17  Overlord  
  39  3:20  Lair  
  39  3:26  Baneling Nest  
  38  3:29  Drone  
  38  3:30  Drone x2  
  41  3:36  Queen  
  41  3:38  Drone  
  44  3:46  Extractor  
  44  3:48  Queen, Extractor  
  42  3:49  Drone x4  
  48  3:56  Spore Crawler  
  48  3:57  Spore Crawler  
  48  3:58  Drone x3  
  49  4:06  Overlord  
  49  4:07  Overlord  
  49  4:14  Drone  
  50  4:17  Drone  
  50  4:22  Drone x4  
  50  4:24  Centrifical Hooks  
  54  4:40  Zergling x10  
  59  4:46  Evolution Chamber, Drone  
  59  4:49  Evolution Chamber  
  58  4:55  Overlord  
  58  4:56  Zergling x16  
  66  5:04  Baneling x3  
  66  5:06  Baneling x7  
  66  5:14  Zergling x12  
  66  5:17  Zerg Melee Weapons Level 1  
  66  5:18  Zerg Ground Armor Level 1  
  72  5:23  Drone x2  
  72  5:24  Overlord  
  72  5:42  Overlord  
  72  5:43  Overlord x5  
  72  6:01  Hatchery  
  61  6:14  Hatchery  
  55  6:21  Drone x11  
  65  6:33  Drone x3  
  65  6:37  Hydralisk Den  
  67  6:40  Extractor  
  66  6:47  Drone  
  66  6:48  Drone x5  
  66  6:49  Extractor  
  66  6:50  Extractor  
  70  6:58  Overlord  
  70  6:59  Drone  
  71  7:06  Infestation Pit  
  70  7:17  Drone x7  
  70  7:20  Muscular Augments  
  77  7:28  Queen  
  79  7:36  Drone x3  
  79  7:37  Drone x9  
  91  7:48  Overseer  
  91  7:49  Queen  
  93  7:52  Drone x4  
  97  8:08  Hydralisk x8  
  111  8:13  Zergling x2  
  111  8:14  Zergling x8  
  111  8:16  Baneling x6  
  111  8:17  Baneling  
  111  8:18  Zergling x2  
  117  8:20  Extractor x2  
Tags
 
Add a new tag
Caveats
  • Supply blocks, unpowered buildings, or Contaminate may cause inaccurate times.
  • Supply counts are checked every 10 seconds.